 Dungeon Crawl Stone Soup version 0.21.1-1-g345015fe64 (webtiles) character file.

7 Kohma the Bolt Thrower (level 2, -2/18 HPs)
             Began as a Kobold Hunter on June 10, 2018.
             Slain by an iguana (6 damage)
             ... on level 3 of the Dungeon.
             The game lasted 00:01:28 (247 turns).

Kohma the Bolt Thrower (Kobold Hunter)               Turns: 247, Time: 00:01:28

Health: -2/18      AC:  3    Str:  9    XL:     2   Next: 5%
Magic:  2/2        EV: 15    Int: 12    God:
Gold:   19         SH:  0    Dex: 15    Spells: 1/1 levels left

rFire    . . .     SeeInvis .   a - +1 hand crossbow
rCold    . . .     Gourm    .   (shield restricted)
rNeg     . . .     Faith    .   c - +0 leather armour
rPois    .         Spirit   .   (no helmet)
rElec    .         Reflect  .   (no cloak)
rCorr    .         Harm     .   (no gloves)
MR       .....                  (no boots)
Stlth    ++........             (no amulet)
HPRegen  0.06/turn              (no ring)
MPRegen  0.08/turn              (no ring)

@: no status effects
A: small, carnivore
a: no special abilities


You were on level 3 of the Dungeon.
You were not hungry.

You visited 1 branch of the dungeon, and saw 4 of its levels.

You collected 19 gold pieces.

Inventory:

Hand Weapons
 a - a +1 hand crossbow (weapon)
 b - a +0 short sword
Missiles
 d - 9 bolts (quivered)
Armour
 c - a +0 leather armour (worn)
Scrolls
 e - a scroll of random uselessness {unknown}
 h - 2 scrolls of remove curse {unknown}
 j - a scroll of identify {unknown}
Potions
 i - a potion of flight {unknown}
Books
 k - a book of Minor Magic

   Spells                             Type                      Level
   a - Magic Dart                     Conjuration                  1
   b - Blink                          Translocation                2
   c - Call Imp                       Summoning                    2
   d - Slow                           Hexes                        2
   e - Conjure Flame                  Conjuration/Fire             3
   f - Mephitic Cloud                 Conjuration/Poison/Air       3
Comestibles
 f - a ration
 g - a chunk of flesh


   Skills:
 + Level 2.3 Fighting
 * Level 5.1 Crossbows
 + Level 2.6 Dodging
 - Level 1.3 Stealth


You had one spell level left.
You didn't know any spells.

Dungeon Overview and Level Annotations

Branches:
Dungeon (4/15)
 Temple: D:4-7

Altars:
Dithmenos
Trog


Innate Abilities, Weirdness & Mutations

You are small and have problems with some larger weapons.
You are carnivorous and can eat meat at any time.


Message History

You shoot a bolt. The bolt closely misses the iguana.
The iguana bites you!
Ouch! That really hurt!
* * * LOW HITPOINT WARNING * * *
Firing (i - inventory):
d - 12 bolts (quivered)
Press: ? - help, Shift-Dir - straight line, f/p - iguana
Aim: an iguana (heavily wounded)
You shoot a bolt. The bolt barely misses the iguana.
The iguana barely misses you. The iguana closely misses you.
Firing (i - inventory):
d - 11 bolts (quivered)
Press: ? - help, Shift-Dir - straight line, f/p - iguana
Aim: an iguana (heavily wounded)
You shoot a bolt. The bolt barely misses the iguana.
The iguana closely misses you.
Firing (i - inventory):
d - 10 bolts (quivered)
Press: ? - help, Shift-Dir - straight line, f/p - iguana
Aim: an iguana (heavily wounded)
You shoot a bolt. The bolt hits the iguana.
The iguana is severely wounded.
The iguana bites you.
You die...

.............#
##..#####.####.# ....# #.#
#.# .# #...#####.####.# ..#
#++## #..............#
##.##...#
#...#####.########
........# #...# #.........
.# #.....####...#
#......... ...
#..(...))l@..#####.########
#.# ##)#..####..........#
#... #.#..####...######.##
##.#.##.#.....#...# #..#
..............#...# ##.#
...#..............# #.#
....###.#.##..###.# #####
.........#.#..# #.# ##>##
....###>###...# ... 8...8


You could see an iguana.

Vanquished Creatures
  A leopard gecko (D:3)
  2 hobgoblins (D:3)
  A frilled lizard (D:2)
  2 rats
6 creatures vanquished.

Notes
Turn   | Place    | Note
-------+----------+-------------------------------------------
     0 | D:1      | Kohma the Kobold Hunter began the quest for the Orb.
     0 | D:1      | Reached XP level 1. HP: 12/12 MP: 1/1
    82 | D:3      | Found a bloodstained altar of Trog.
    93 | D:3      | Found a shadowy altar of Dithmenos.
   137 | D:3      | Reached skill level 5 in Crossbows
   190 | D:3      | Reached XP level 2. HP: 18/18 MP: 2/2
   247 | D:3      | Slain by an iguana

Skill      XL: |  1 |
---------------+----+-----
Crossbows      | 5 |  5.1
Fighting       | |  2.3
Dodging        | |  2.6
Stealth        | |  1.3

Action                   || total
-------------------------++-------
 Fire: Hand crossbow     ||    20
Armor: Leather armour    ||     1
Dodge: Dodged            ||     6
